Map: 中央管制平台

Players

Rose (Python)

  • Race: Zerg Zerg
  • League: Grandmaster

Fist - Winner!

  • Race: Zerg Zerg

Event: 2016 WCS Winter Challenger Taiwan

VOD

Have the link to the VOD?

Description

Time

  • Played on: Jan. 9, 2016, 5:58 a.m.
  • Length: 12:25

All games in this series

Show
View Real Time Build Order
Export as new Build Order

Rose Zerg 

Build Orders: Pool First, Zergling Baneling 

Get SALT Encoding   

  12  0:00  Drone  
  13  0:08  Drone  
  14  0:22  Extractor  
  14  0:28  Spawning Pool  
  12  0:31  Drone  
  13  0:36  Drone  
  14  0:44  Overlord  
  14  1:03  Drone  
  15  1:14  Zergling x2  
  15  1:15  Zergling x4  
  15  1:17  Queen  
  20  1:26  Zergling x2  
  20  1:29  Metabolic Boost  
  21  1:38  Zergling x2  
  22  1:47  Baneling Nest  
  22  1:49  Zergling x2  
  22  2:05  Overlord  
  22  2:32  Zergling x10  
  25  2:41  Baneling x2  
  25  2:43  Zergling x2  
  26  2:48  Baneling  
  26  2:49  Baneling  
  26  3:03  Baneling x2  
  25  3:08  Zergling x6  
  25  3:09  Zergling x2  
  28  3:22  Zergling x2  
  28  3:24  Queen  
  28  3:26  Baneling x2  
  28  3:31  Zergling x2  
  22  3:36  Zergling x2  
  23  3:44  Baneling  
  23  3:45  Drone x2  
  25  3:49  Zergling x2  
  26  4:07  Zergling x4  
  25  4:13  Drone  
  25  4:28  Zergling x2  
  26  4:36  Zergling x2  
  25  4:46  Zergling x2  
  26  4:58  Zergling x8  
  29  5:12  Hatchery  
  28  5:14  Baneling x2  
  28  5:15  Baneling x2  
  28  5:18  Zergling x2  
  29  5:21  Overlord  
  28  5:29  Zergling x2  
  28  5:33  Spine Crawler  
  26  5:43  Zergling x2  
  27  5:50  Zergling x2  
  27  5:51  Zergling x4  
  29  6:03  Zergling x2  
  27  6:09  Baneling x2  
  25  6:16  Zergling x8  
  29  6:21  Drone  
  29  6:24  Drone  
  31  6:30  Drone  
  32  6:41  Drone  
  32  6:42  Drone  
  34  6:48  Baneling x2  
  34  6:49  Drone x3  
  37  6:58  Drone  
  38  7:03  Roach Warren  
  36  7:12  Zergling x4  
  36  7:13  Zergling x2  
  36  7:18  Drone x2  
  36  7:21  Overlord  
  36  7:35  Drone x3  
  38  7:37  Drone x3  
  38  7:40  Drone  
  43  7:44  Roach  
  43  7:53  Roach x2  
  43  7:57  Roach  
  43  7:58  Roach  
  51  8:04  Overlord  
  51  8:05  Zergling x2  
  51  8:16  Lair, Extractor  
  51  8:17  Roach  
  51  8:32  Drone x2  
  53  8:34  Overlord, Roach x2  
  53  8:35  Overlord, Roach  
  59  8:47  Overlord  
  59  8:51  Baneling x2  
  59  8:52  Baneling  
  59  8:53  Roach x4  
  59  8:54  Roach  
  68  9:03  Roach x4  
  72  9:15  Roach  
  72  9:16  Zergling x2, Roach  
  61  9:28  Roach x2  
  55  9:33  Zergling x2  
  56  9:42  Zergling x2  
  56  9:43  Zergling x2  
  55  9:49  Zergling x2  
  55  9:50  Queen  
  53  10:00  Zergling x2  
  53  10:01  Zergling x8  
  58  10:11  Ravager  
  58  10:13  Overlord  
  58  10:14  Drone  
  60  10:22  Overlord  
  60  10:28  Drone  
  61  10:31  Drone  
  61  10:32  Drone  
  63  10:39  Glial Reconstitution  
  63  10:40  Drone x2  
  65  10:44  Drone  
  65  10:45  Evolution Chamber  
  65  10:54  Drone  
  66  11:02  Ravager x2  
  66  11:03  Roach x2  
  72  11:13  Zergling x6, Roach x2  
  72  11:16  Zergling x4, Roach  
  72  11:17  Zergling x2  
  81  11:27  Roach x2  
  81  11:36  Roach  
  79  11:44  Roach  
  73  11:51  Roach  
  73  11:52  Roach  
  57  12:01  Roach x2  
Show
View Real Time Build Order
Export as new Build Order

Fist Zerg - Winner!

Build Orders: Pool First, Zergling Baneling 

Get SALT Encoding   

  12  0:00  Drone  
  13  0:10  Drone  
  14  0:26  Spawning Pool  
  13  0:28  Drone  
  13  0:33  Extractor  
  13  0:40  Overlord  
  13  0:44  Drone  
  14  0:58  Drone  
  15  1:13  Zergling x6  
  15  1:16  Queen  
  20  1:25  Zergling x2  
  21  1:32  Metabolic Boost  
  21  1:35  Zergling x2  
  22  1:48  Overlord  
  22  1:58  Baneling Nest  
  22  2:00  Zergling x2  
  22  2:16  Zergling x2  
  23  2:23  Overlord  
  23  2:32  Zergling x2  
  23  2:33  Zergling x4  
  25  2:41  Baneling x2  
  25  2:43  Baneling  
  25  2:44  Baneling  
  25  2:46  Zergling x2  
  25  2:49  Zergling x2  
  27  2:57  Zergling x2  
  27  2:58  Zergling x4  
  26  3:09  Baneling x3  
  26  3:16  Zergling x4  
  22  3:27  Drone  
  20  3:35  Baneling  
  20  3:36  Baneling  
  20  3:52  Drone x2  
  21  4:21  Baneling x2  
  21  4:25  Drone  
  21  4:29  Hatchery  
  21  4:45  Zergling x8  
  23  5:04  Zergling x6  
  26  5:11  Drone x3  
  28  5:22  Baneling x5  
  28  5:30  Zergling x2  
  26  5:45  Zergling x4  
  26  5:48  Queen  
  28  5:58  Drone x3  
  30  6:06  Drone x2  
  32  6:21  Zergling x8  
  36  6:30  Drone  
  36  6:32  Drone  
  38  6:33  Drone, Roach Warren  
  38  6:35  Baneling x2  
  37  6:56  Overlord  
  37  6:58  Drone x6  
  43  7:14  Extractor  
  43  7:15  Overlord  
  41  7:17  Roach x2  
  41  7:20  Zergling x2  
  41  7:21  Zergling x6  
  48  7:36  Overlord  
  48  7:39  Drone x5  
  52  7:50  Roach x3  
  58  8:02  Roach x3  
  64  8:15  Roach x2  
  64  8:17  Overlord x2  
  68  8:27  Overlord  
  68  8:31  Spine Crawler  
  68  8:33  Overlord  
  67  8:36  Baneling x2  
  67  8:39  Roach x3  
  73  8:52  Ravager  
  73  8:53  Roach x3  
  77  9:08  Roach  
  77  9:09  Roach  
  80  9:11  Zergling x6  
  69  9:29  Roach x4  
  71  9:35  Zergling x2  
  71  9:36  Zergling x2  
  61  9:53  Drone  
  61  9:54  Drone x7  
  67  10:02  Lair  
  67  10:05  Drone  
  67  10:06  Drone  
  67  10:23  Extractor  
  67  10:24  Drone  
  67  10:26  Roach x6  
  67  10:27  Hatchery  
  78  10:30  Roach  
  80  10:43  Overlord  
  79  10:50  Roach x3  
  79  10:57  Ravager  
  86  10:59  Ravager  
  86  11:04  Zergling x2  
  86  11:05  Zergling x10  
  86  11:11  Extractor  
  88  11:14  Zergling x4  
  88  11:17  Ravager  
  91  11:31  Zergling x16  
  96  11:48  Zergling x4  
  91  12:12  Hatchery  
Tags
 
Add a new tag
Caveats
  • Supply blocks, unpowered buildings, or Contaminate may cause inaccurate times.
  • Supply counts are checked every 10 seconds.